 Dungeon Crawl Stone Soup version 0.30-b1-2-g02819fbbbe (webtiles) character file.

Game seed: 16193148023620195686

5 RevX99 the Shield-Bearer (level 1, 16/22 HPs)
             Began as a Troll Fighter on May 23, 2023.
             Quit the game on level 1 of the Dungeon.
             The game lasted 00:00:48 (204 turns).

RevX99 the Shield-Bearer (Troll Fighter)             Turns: 204, Time: 00:00:49

Health: 16/22      AC:  4    Str: 23    XL:     1   Next: 66%
Magic:  0/0        EV:  8    Int:  4    God:
Gold:   28         SH:  7    Dex:  9    Spells: 0/0 levels left

rFire   . . .        a - +0 flail
rCold   . . .        c - +0 kite shield
rNeg    . . .        b - +0 robe
rPois   .            (helmet restricted)
rElec   .            (no cloak)
rCorr   .            (gloves unavailable)
SInv    .            (boots unavailable)
Will    .....        (no amulet)
Stlth   +            (no ring)
HPRegen 1.03/turn    (no ring)
MPRegen 0.07/turn

%: no passive effects
@: no status effects
A: large, unfitting armour, claws 3, regeneration 1, shaggy fur 1, tough skin 1
a: no special abilities


You were on level 1 of the Dungeon.
You visited 1 branch of the dungeon, and saw 1 of its levels.

You collected 28 gold pieces.

Inventory:

Hand Weapons
 a - a +0 flail (weapon)
Armour
 b - a +0 robe (worn)
 c - a +0 kite shield (worn)
Jewellery
 e - an amulet of reflection {?R}
Potions
 d - a potion of might
 f - 2 potions of degeneration {unknown}


   Skills:
 + Level 2.5 Fighting
 + Level 1.9 Maces & Flails
 + Level 2.5 Dodging
 + Level 2.7 Shields


You couldn't memorise any spells.
You didn't know any spells.
Your spell library was empty.

Dungeon Overview and Level Annotations

Branches:
Dungeon (1/15)

Altars:


Innate Abilities, Weirdness & Mutations

You are too large for most types of armour.
You have claws for hands.
Your natural rate of healing is unusually fast.
You are covered in fur. (AC +1)
You have tough skin. (AC +1)


Message History

The frilled lizard hisses angrily.
Danger!
The frilled lizard bites you but does no damage.
You barely miss the frilled lizard. The frilled lizard bites you.
You block the frilled lizard's attack.
You miss the frilled lizard. The frilled lizard bites you.
You sock the frilled lizard!
You kill the frilled lizard!
No target in view!
Found a stone staircase leading down.
No target in view!
There is a stone staircase leading down here.
An endoplasm comes into view.
The endoplasm quivers.
Danger!
The endoplasm freezes you.
You are frozen.
You hit the endoplasm but do no damage. The endoplasm freezes you.
You are frozen.
The endoplasm freezes you.
You are frozen.
You hit the endoplasm.
The endoplasm is almost dead.
The endoplasm freezes you.
You are frozen.
You are too injured to fight recklessly!
You are too injured to fight recklessly!
You are too injured to fight recklessly!
You are too injured to fight recklessly!
You are too injured to fight recklessly!
You barely miss the endoplasm.
The endoplasm is almost dead.
The endoplasm jiggles.
The endoplasm freezes you.
You are frozen.
The endoplasm closely misses you.
You hit the endoplasm.
You kill the endoplasm!
Unknown command.
Are you sure you want to abandon this character and quit the game? (Confirm with "yes".)

......##.###############...###.##
##.#####.# #.....# #........#
##.......# .....#####........#
########## .......†..........# #
....###..........# # ...
#.##.......# # #.# #.##.......# #
#.# #.##.......# # #@#
#.#####.#### ########.# #.# #.#
#....>...# #.# #.#
#########.######## #.#####.#
..........# #.......####
.########## #..####..... .#
#..#........ .##### #..#.##.####
.....# #..# #.#


There were no monsters in sight!

Vanquished Creatures
  A ball python (D:1)
  An endoplasm (D:1)
  A quokka (D:1)
  A bat (D:1)
  A frilled lizard (D:1)
5 creatures vanquished.

Notes
Turn   | Place    | Note
-------+----------+-------------------------------------------
     0 | D:1      | RevX99 the Troll Fighter began the quest for the Orb.
     0 | D:1      | Reached XP level 1. HP: 22/22 MP: 0/0
   204 | D:1      | Quit the game

Illustrated notes

Levels and vault maps discovered:
D:1:      dpeg_arrival_radiant, layout_loops_ring

Action                     || total
---------------------------++-------
  Melee: Flail             ||    15
 Armour: Robe              ||     3
  Dodge: Dodged            ||     5
  Block: Kite shield       ||     3
